 Dungeon Crawl Stone Soup version 0.22-a0-429-g97ce8ef (webtiles) character file.

58 Gorglomux the Ducker (level 3, 0/21 HPs)
             Began as a Spriggan Berserker on May 25, 2018.
             Slain by a hobgoblin
             ... wielding a +0 club
              (1 damage)
             ... on level 2 of the Dungeon.
             The game lasted 00:02:31 (2681 turns).

Gorglomux the Ducker (Spriggan Berserker)           Turns: 2681, Time: 00:02:32

Health: 0/21       AC:  4    Str: 13 (14) XL:     3   Next: 76%
Magic:  4/4        EV: 19    Int:  6 (8)  God:
Gold:   118        SH:  0    Dex: 12 (15) Spells: 2/2 levels left

rFire    . . .     SeeInvis +   a - +0 short sword
rCold    . . .     Gourm    .   (shield restricted)
rNeg     . . .     Faith    .   b - +0 animal skin
rPois    .         Spirit   .   (helmet restricted)
rElec    .         Reflect  .   (no cloak)
rCorr    .         Harm     .   (gloves unavailable)
MR       .....                  (boots unavailable)
Stlth    +++.......             (no amulet)
HPRegen  0.07/turn              l - ring of flight
MPRegen  0.09/turn              x - ring of stealth

@: very quick
A: very small, unfitting armour, antennae 1, yellow scales 1, see invisible,
herbivore, speed 3, sense surroundings 1, slow metabolism 2, subdued magic 1
a: Evoke Flight


You were on level 2 of the Dungeon.
You were not hungry.

You visited 1 branch of the dungeon, and saw 2 of its levels.

You collected 118 gold pieces.

Inventory:

Hand Weapons
 a - a +0 short sword (weapon)
 C - a +1 hand axe of chopping
Missiles
 H - 45 stones (quivered)
Armour
 b - a +0 animal skin (worn)
Jewellery
 l - a ring of flight (left hand)
 x - a ring of stealth (right hand)
Scrolls
 y - a scroll of noise {unknown}
 z - 3 scrolls of identify {unknown}
 A - a scroll of teleportation {unknown}
 B - a scroll of blinking {unknown}
 D - a scroll of immolation {unknown}
 E - a scroll of fear {unknown}
Potions
 v - a potion of degeneration
 F - a potion of lignification
Comestibles
 c - 3 rations


   Skills:
 + Level 3.6 Fighting
 - Level 3.2 Short Blades
 - Level 4.4 Dodging
 - Level 2.2 Stealth


You had 2 spell levels left.
You didn't know any spells.
Your spell library was empty.

Dungeon Overview and Level Annotations

Branches:
Dungeon (2/15)

Altars:


Innate Abilities, Weirdness & Mutations

You are very small and have problems with some larger weapons.
You are too small for most types of armour.
You have supernaturally acute eyesight. (SInv)
You are a herbivore.
You cover ground extremely quickly.
You need to consume almost no food.
You have a pair of small antennae on your head.
You are partially covered in yellow scales. (AC +2)
You passively map a small area around you.
Your spells are a little easier to cast, but a little less powerful.


Message History

There are monsters nearby!!!
You completely miss the orc!
The orc shouts!!!
You spit the butt priest but do no damage!
The orc hits you with a flail! The orc priest closely misses you!
You spit the orc priest like a pig!
The orc priest is lightly wounded!
The orc barely misses you!
You barely miss the orc priest!
The orc priest is lightly wounded!
The orc priest looks braver for a moment!
The hobgoblin hits you but does no damage!
The orc barely misses you!
You butt the orc priest but do no damage!
The orc priest is lightly wounded!
The orc priest mumbles some strange prayers to Beogh against you!
Beogh butts you!!!
DANG; * * * don't die
* * * The hobgoblin hits you with a club! rip

#.......†)..................
#.................##.†......
##.................#.........
............................. ##
##.........................
....####.##.###.o......#.........
.# #........# #..................
.# #.###.######oog....##.........
.# .# #.# ###..@#..####.........
.###.# #.###...#...## #.........
.....# #.##.......## #.........
...#####.....###.## ##.........
..####....#..# #.# #..........
........###..# #.# #o#.......#
............# #.# #.##.....##
.#..##....### #.# #.########
..........#### #.# #o#


You could see an orc priest, 2 orcs and a hobgoblin.

Vanquished Creatures
  2 adders (D:2)
  An ooze (D:2)
  A worm (D:2)
  A leopard gecko (D:2)
  2 giant cockroaches (D:1)
  3 goblins (D:1)
  7 hobgoblins
  3 kobolds
  A quokka (D:2)
  7 bats
  A frilled lizard (D:2)
  2 rats (D:1)
31 creatures vanquished.

Notes
Turn   | Place    | Note
-------+----------+-------------------------------------------
     0 | D:1      | Gorglomux the Spriggan Berserker began the quest for the Orb.
     0 | D:1      | Reached XP level 1. HP: 11/11 MP: 2/2
     0 | D:1      | Fell from the grace of Trog
    41 | D:1      | Reached skill level 1 in Stealth
   203 | D:1      | Reached XP level 2. HP: 13/16 MP: 3/3
   801 | D:2      | Reached skill level 3 in Fighting
   837 | D:2      | Reached XP level 3. HP: 20/20 MP: 4/4
  1593 | D:1      | HP: 1/20 [poisoned by an adder]
  2553 | D:2      | Gained mutation: Your spells are a little easier to cast, but a little less powerful. [potion of mutation]
  2553 | D:2      | Gained mutation: You have a pair of small antennae on your head. [potion of mutation]
  2553 | D:2      | Gained mutation: You are partially covered in yellow scales. (AC +2) [potion of mutation]
  2553 | D:2      | Gained mutation: You passively map a small area around you. [potion of mutation]
  2681 | D:2      | HP: 1/21 [orc priest/divine providence (14)]
  2681 | D:2      | Slain by a hobgoblin

Vault maps used:
D:1:      dpeg_arrival_radiant, hangedman_decor_points, hangedman_decor_riveting

Skill      XL: |  1  2 |
---------------+-------+-----
Stealth        | 2 |  2.2
Fighting       | 3 |  3.6
Short Blades   | |  3.2
Dodging        | |  4.4

Action                   || total
-------------------------++-------
Melee: Short sword       ||   138
       Hand axe          ||    11
Throw: Stone             ||    15
Invok: Renounce Religion ||     1
  Use: Potion            ||     4
 Stab: Sleeping          ||     5
Armor: Animal skin       ||    12
       Skin              ||    11
Dodge: Dodged            ||   115

Table legend:
 A = Spawn XP
 B = Non-spawn XP
 C = Spawn XP percentage of total XP
 D = Spawn monster count
 E = Non-spawn monster count
 F = Spawn count percentage of total count
 G = Total turns spent on level
                    A         B        C        D         E        F      G
               +---------+---------+-------+---------+---------+-------+---------
         Total |       0 |      84 |   0.0 |       0 |      31 |   0.0 |  2681
               +---------+---------+-------+---------+---------+-------+---------
           D:1 |       0 |      28 |   0.0 |       0 |      17 |   0.0 |  1857
           D:2 |       0 |      56 |   0.0 |       0 |      14 |   0.0 |   824
               +---------+---------+-------+---------+---------+-------+---------
